 Dungeon Crawl Stone Soup version 0.17.0-25-gefc9c12 (webtiles) character file.

61 graki42 the Sneak (level 4, -4/21 HPs)
             Began as a Vine Stalker Enchanter on Nov 18, 2015.
             Slain by a gnoll
             ... wielding a +0 halberd
              (7 damage)
             ... on level 2 of the Dungeon.
             The game lasted 00:05:44 (1025 turns).

graki42 the Sneak (Vine Stalker Enchanter)          Turns: 1025, Time: 00:05:45

Health: -4/21      AC:  4    Str: 11    XL:     4   Next: 7%
Magic:  0/8        EV:  7    Int: 15    God:
Gold:   67         SH:  0    Dex: 15    Spells: 2 memorised, 5 levels left

rFire  . . .     SeeInvis .     a - +1 dagger
rCold  . . .     Clarity  .     b - +1 robe
rNeg   . . .     SustAt   .     (no shield)
rPois  .         Gourm    .     j - +0 helmet
rElec  .         Spirit   +     (no cloak)
rCorr  .         Warding  .     (no gloves)
rMut   .         Stasis   .     (no boots)
MR     .....                    (no amulet)
Stlth  +++.......               (no ring)
                                (no ring)

@: not resistant to hostile enchantments, fairly stealthy
A: fangs 2, regeneration 1, magic shield, antimagic bite, no device heal 3, rot
immunity
a: no special abilities


You were on level 2 of the Dungeon.
You were hungry.

You visited 1 branch of the dungeon, and saw 2 of its levels.

You collected 67 gold pieces.

Inventory:

Hand Weapons
 a - a +1 dagger (weapon)
Armour
 b - a +1 robe (worn)
 j - a +0 helmet (worn)
Scrolls
 g - 3 scrolls of identify {unknown}
 i - 2 scrolls of recharging {unknown}
 k - a scroll of random uselessness {unknown}
Potions
 e - a potion of flight {unknown}
 l - 3 potions of magic {unknown}
Books
 c - a book of Maledictions

   Spells                             Type                      Level
   a - Corona                         Hexes                        1
   b - Ensorcelled Hibernation        Hexes/Ice                    2
   c - Confuse                        Hexes                        3
   d - Tukima's Dance                 Hexes                        3
   e - Dazzling Spray                 Conjuration/Hexes            3
Comestibles
 d - a bread ration
 f - a beef jerky
 h - a meat ration
 m - a slice of pizza
 n - 2 chunks of flesh


   Skills:
 + Level 0.1 Fighting
 + Level 0.8 Short Blades
 + Level 2.0 Dodging
 + Level 4.4 Stealth
 + Level 2.6 Spellcasting
 + Level 3.5 Hexes
 + Level 0.8 Ice Magic


You had 5 spell levels left.
You knew the following spells:

 Your Spells              Type           Power        Failure   Level  Hunger
a - Corona                Hex            ##.....      6%          1    #......
b - Ensorcelled Hibernat  Hex/Ice        #.....       14%         2    ###....


Dungeon Overview and Level Annotations

Branches:
Dungeon (2/15)

Altars:


Innate Abilities, Weirdness & Mutations

You have extremely sharp teeth.
Your natural rate of healing is unusually fast.
When hurt, damage is shared between your health and your magic reserves.
Your bite disrupts and absorbs the magic of your enemies.
Potions and wands cannot restore your health.
You are immune to rotting.


Message History

* * * LOW HITPOINT WARNING * * *
You hit the gnoll.
You kill the gnoll!
Your Dodging skill increases to level 2!
You have reached level 4!
You feel stronger. The bat hits you but does no damage.
The bat barely misses you. The bat hits you.
* * * LOW HITPOINT WARNING * * *
The gnoll barely misses you.
Casting: Corona
Confirm with . or Enter, or press ? or * to list all spells.
You don't have enough magic to cast that spell.
Unknown command.
The bat hits you but does no damage. The bat hits you but does no damage.
There is a stone staircase leading up here.
The bat hits you but does no damage.
The gnoll hits you from afar with a halberd!
You die...

##.......# # #.%.%g..#### #
#......g.g.# # #.......##.# #
#.......##g# .# # #.......##.#
########## .# #
#.......##.###...........######
#.......##(.g.b......###.#.....
##############@#####.##..#.####
#.####......#.#...
#...##......#.#.#.
#...##.##.#.#.#.#)
##...##.#..#.#.....
####....##.#...)..#...
#######.......##.#.##.#.####
#.............##+#....#...
#.........).##.........####


You could see a gnoll and a bat.

Vanquished Creatures
  Terence (D:2)
  A gnoll (D:2)
  A giant gecko (D:2)
  A ball python (D:1)
  2 bats
  2 giant cockroaches
  6 hobgoblins
  A quokka (D:2)
  3 giant newts (D:1)
  4 kobolds (D:1)
  6 rats
28 creatures vanquished.

Notes
Turn   | Place    | Note
--------------------------------------------------------------
     0 | D:1      | graki42 the Vine Stalker Enchanter began the quest for the Orb.
     0 | D:1      | Reached XP level 1. HP: 9/9 MP: 4/4
     2 | D:1      | Noticed a tengu
     2 | D:1      | Noticed a human
     4 | D:1      | Noticed a naga
     4 | D:1      | Noticed an octopode
     6 | D:1      | Noticed a draconian
     8 | D:1      | Noticed an elf
    10 | D:1      | Noticed a spriggan
    10 | D:1      | Noticed an ogre
    12 | D:1      | Noticed a vine stalker
    12 | D:1      | Noticed a troll
    14 | D:1      | Noticed a dwarf
    16 | D:1      | Noticed a minotaur
    16 | D:1      | Noticed a vampire
    18 | D:1      | Noticed a merfolk
    20 | D:1      | Noticed a ghoul
    20 | D:1      | Noticed a felid
    22 | D:1      | Noticed a demigod
    22 | D:1      | Noticed a demonspawn
    24 | D:1      | Noticed a formicid
    24 | D:1      | Noticed a gargoyle
    26 | D:1      | Noticed a centaur
   198 | D:1      | Reached XP level 2. HP: 13/13 MP: 3/6
   202 | D:1      | Learned a level 2 spell: Ensorcelled Hibernation
   895 | D:2      | Reached skill level 4 in Stealth
   895 | D:2      | Reached XP level 3. HP: 16/16 MP: 4/7
   911 | D:2      | Noticed Terence
   918 | D:2      | Killed Terence
  1022 | D:2      | Reached XP level 4. HP: 3/21 MP: 1/8
  1025 | D:2      | Slain by a gnoll

Action                   |  1- 3 |  4- 6 || total
-------------------------+-------+-------++-------
Melee: Dagger            |    62 |       ||    62
 Cast: Corona            |    11 |       ||    11
       Ensorcelled Hiber |    14 |       ||    14
 Stab: Sleeping          |    17 |       ||    17
  Eat: Chunk             |     1 |       ||     1
